radojka, chaotic female sylph Wizard # ------- # -- | # ----------- | . # -...-...- | | | |# ##.-.%%. ..- ------- | { .#### | .####+.G%%--- . --..<..| | | -- | |....| |\ .|# #.......| | | -.-.-.-####...%.--- ...| # # #|......| | -# # # ### ---....%%.--- # # ##|......| --------+--# ### # ---u----- # #|.....-- # # # ### %@%#######%## #------- ### # # # # ### # ### # ################ # ## # ### # -----+-- -.-.-----.---# # ### | | |...........|# ### # | | |...........|# ----|------- ###| | |.........>.-# ---- | | #. | ------------- | | | | -------- | | ------------ ---- radojka the Thaumaturge Experience level: 7 Strength: 11 Dexterity: 15 Constitution: 15 Intelligence: 16 Wisdom: 13 Charisma: 10 Health: 0(51) Energy: 64(69) Def: 1 Gold: 872 Moves: 4543 Dungeon seed: VbKFUDUcbMY3PHEJ Game ID: radojka_1551714839 Your Inventory: Coins $ - 872 gold pieces Weapons a - a blessed +0 quarterstaff (weapon in hands) Armor e - a blessed +0 cloak of magic resistance (being worn) Comestibles A - 6 uncursed food rations C - an uncursed lembas wafer H - 2 uncursed eggs I - 3 uncursed tripe rations R - an uncursed cream pie S - an uncursed tin of sewer rat meat Scrolls h - an uncursed scroll of confuse monster j - an uncursed scroll of scare monster k - an uncursed scroll of magic mapping Q - a cursed scroll of earth Spellbooks b - a blessed spellbook of force bolt c - an uncursed spellbook of detect monsters u - an uncursed spellbook of detect monsters K - an uncursed spellbook of blank paper L - an uncursed spellbook of blank paper Potions f - a blessed potion of gain energy g - an uncursed potion of healing p - a cursed potion of hallucination x - a blessed potion of hallucination z - 2 uncursed potions of hallucination O - 3 uncursed potions of gain energy V - a blessed potion of object detection Rings l - an uncursed ring of invisibility r - an uncursed ring of see invisible F - a cursed -1 ring of gain constitution U - an uncursed ring of fire resistance Wands d - an uncursed wand of nothing (0:5) G - an uncursed wand of light (0:14) T - a blessed wand of sleep (0:7) Gems n - 3 uncursed worthless pieces of red glass q - an uncursed jade y - 3 uncursed worthless pieces of blue glass N - an uncursed amethyst Y - an uncursed worthless piece of black glass Spells and supernatural/magical abilities: Name Level Category Fail Memory a - force bolt 1 attack 0% 78% n - detect monsters 1 divination 0% 78% W - pray for help -- divine ? -- Your skills at the end: Miscellaneous Skills wands [Basic] Weapon Skills quarterstaff [Basic] Spellcasting Skills attack spells [Basic] enchantment spells [Basic] Final Attributes: You were devoutly aligned. You were magic-protected. You saw invisible. You had infravision. You were displaced. You were somewhat stealthy. You were protected from shape changers. You were unlucky. You are dead. Vanquished creatures: 2 giant beetles a leprechaun a gnome king 2 dogs 4 bugbears an Uruk-hai a rock mole 2 rock piercers a fog cloud a violet fungus 2 gnome lords a gnomish wizard a black naga hatchling 2 guardian naga hatchlings a gray ooze an elf zombie a giant ant 4 kittens a homunculus a kobold shaman a hill orc a jitterbug a wererat 3 killer bees a gas spore 2 hobbits 3 acid blobs a large kobold a gecko 3 hobgoblins 3 giant rats a brown mold 3 yellow molds 3 gnomes a gnome zombie 2 jackals 3 kobolds 4 newts 2 goblins 6 sewer rats 4 grid bugs 2 bats 82 creatures vanquished. Voluntary challenges: You did not adorn yourself with jewelry or accessories. You did not cause conflict. You were not invisible. You did not have reflection. You had been an atheist until turn 3315. You used a wielded weapon 75 times, starting on turn 340. You did not use tools. You did not use sinks. You did not drink any magical draughts. You read items or engraved 10 times, starting on turn 2634. You never genocided any monsters. You never polymorphed an object. You never changed form. You cheated in Sokoban 10 times, without finishing. You used no wishes. You never split a pudding. You never wrote Elbereth's name. You violated your moral code, losing 4 points of alignment, starting on turn 1641. Dungeon overview: The Dungeons of Doom: levels 1 to 7 Level 1 some fountains a long staircase Level 2 (prodavnica napitaka) a potion shop Level 3 a long staircase Level 4 a fountain Level 5 many fountains Level 6 (ulaz u bonus nivo) stairs to Sokoban Level 7 <- You were here a fountain, a throne Sokoban: levels 3 to 5 Level 3 a sink Level 4 an altar to Moloch Level 5 a magic chest stairs to The Dungeons of Doom History has recorded: On T:1 you entered the Dungeons of Doom to retrieve the Amulet of Yendor! On T:441 you reached level 2 of The Dungeons of Doom. On T:848 you reached level 3 of The Dungeons of Doom. On T:909 you advanced to experience level 2. On T:1302 you reached level 4 of The Dungeons of Doom. On T:1409 you advanced to experience level 3. On T:1747 you reached level 5 of The Dungeons of Doom. On T:1788 you advanced to experience level 4. On T:2140 you reached level 6 of The Dungeons of Doom. On T:2151 you advanced to experience level 5. On T:2597 you reached level 4 of Sokoban. On T:2614 you advanced to experience level 6. On T:2632 you opened a magic chest. On T:2993 you reached level 3 of Sokoban. On T:3315 you prayed to Anhur. On T:4159 you reached level 2 of Sokoban. On T:4319 you reached level 7 of The Dungeons of Doom. On T:4472 you advanced to experience level 7. Score breakdown: Gold: 872 ( 87 points) Experience: 7 levels ( 600 points) Exploration: 7 levels ( 180 points) Discoveries: 22 items ( 1100 points) Variety of kills: 42 monsters ( 2000 points) Major goal: (nothing yet) ( 0 points) Survival: died (score multiplied by 3) Total score: 11901 Latest messages: Hello radojka, the sylph Wizard, welcome back to NetHack! Be careful! New moon tonight. You hear a crunching sound. You see here a bugbear corpse. There are a few objects here. (2x) The white unicorn butts! The white unicorn kicks! The white unicorn butts! The white unicorn kicks! The white unicorn butts! The white unicorn kicks! The white unicorn butts! The white unicorn kicks! The spell misses the white unicorn. The white unicorn butts! You die... Final status: Goodbye radojka the Wizard, killed by a white unicorn... You died in The Dungeons of Doom on dungeon level 7 with 11901 points, and 872 pieces of gold, after 4543 moves. You were level 7 with a maximum of 51 hit points when you died.